 Dungeon Crawl Stone Soup version 0.25.1-2-g60ff931df9 (webtiles) character file.

Game seed: 7299981731933377787

184633 DogServant the Warrior (level 17, -12/165 HPs)
             Began as a Purple Draconian Transmuter on Nov 12, 2020.
             Was a High Priest of Makhleb.
             Mangled by an Executioner (17 damage)
             ... summoned by the player character
             ... on level 3 of the Spider Nest.
             The game lasted 01:11:41 (38867 turns).

DogServant the Warrior (DrTm)                      Turns: 38867, Time: 01:11:42

Health: -12/165    AC: 15    Str: 23    XL:     17   Next: 78%
Magic:  0/29       EV: 26    Int: 14    God:    Makhleb [*****.]
Gold:   2674       SH:  0    Dex: 24    Spells: 8/22 levels left

rFire    . . .     SeeInvis +     - Unarmed
rCold    x . .     Gourm    .   (shield currently unavailable)
rNeg     . . .     Faith    .   (armour unavailable)
rPois    +         Spirit   +   p - +0 mask of the Dragon {MR+ Slay+3 SInv}
rElec    .         Reflect  .   I - +2 cloak
rCorr    .         Harm     .   (gloves currently unavailable)
MR       ++++.                  j - +2 pair of boots
Stlth    ++........             W - amulet "Riviox" {Spirit rPois}
HPRegen  0.37/turn              G - ring "Paxkinoc" {rC- Str+6 Dex+10}
MPRegen  0.21/turn              k - ring of protection from magic

@: lethally poisoned (-12 -> -12), about to teleport, blade hands
A: breathe power, unfitting armour, cold-blooded, AC +9
a: Breathe Dispelling Energy, End Transformation, Minor Destruction, Lesser
Servant of Makhleb, Major Destruction, Greater Servant of Makhleb, Renounce
Religion


You were on level 3 of the Spider Nest.
You worshipped Makhleb.
Makhleb was extremely pleased with you.
You were not hungry.
You had blades for hands.
You visited 6 branches of the dungeon, and saw 30 of its levels.

You collected 3490 gold pieces.
You spent 816 gold pieces at shops.

Inventory:

Missiles
 a - 1066 arrows
 d - 101 poisoned darts
 h - 6 curare-tipped darts (quivered)
 P - 8 silver javelins
Armour
 j - a +2 pair of boots (worn)
 p - the +0 mask of the Dragon (worn) {MR+ Slay+3 SInv}
   (You found it on level 3 of the Elven Halls)

   It affects your accuracy and damage with ranged weapons and melee attacks
   (+3).
   It affects your resistance to hostile enchantments.
   It lets you see invisible.
 I - a +2 cloak (worn)
 N - a +2 pair of gloves (melded)
Jewellery
 k - a ring of protection from magic (right scythe-like blade)
 m - a +4 ring of evasion
 A - an uncursed amulet of regeneration
 G - the ring "Paxkinoc" (left scythe-like blade) {rC- Str+6 Dex+10}
   (You acquired it on level 13 of the Dungeon)

   [ring of strength]

   It affects your strength (+6).
   It affects your dexterity (+10).
   It makes you vulnerable to cold.
 M - the amulet of Litey {Spirit *Corrode rN+++ SInv Stlth+}
   (You took it off a deep elf elementalist on level 3 of the Elven Halls)

   [amulet of guardian spirit]

   It causes incoming damage to be split between your health and magic.
   It renders you almost immune to negative energy.
   It lets you see invisible.
   It may corrode you when you take damage.
   It makes you more stealthy.
 O - the ring "Wuge" {rF+ rN+ Str+2 SInv}
   (You took it off a deep elf death mage on level 3 of the Elven Halls)

   [ring of see invisible]

   It affects your strength (+2).
   It protects you from fire.
   It protects you from negative energy.
   It lets you see invisible.
 W - the amulet "Riviox" (around neck) {Spirit rPois}
   (You took it off a deep elf high priest on level 3 of the Elven Halls)

   [amulet of guardian spirit]

   It causes incoming damage to be split between your health and magic.
   It protects you from poison.
Wands
 i - a wand of iceblast (16)
 l - a wand of random effects (19)
 q - a wand of paralysis (16)
 x - a wand of enslavement (7)
 C - a wand of clouds (6)
 D - a wand of polymorph (30)
 E - a wand of flame (10)
 R - a wand of acid (2)
Scrolls
 b - 14 scrolls of remove curse
 e - 15 scrolls of teleportation
 f - 9 scrolls of magic mapping
 n - 3 scrolls of fog
 r - 2 scrolls of fear
 s - 9 scrolls of amnesia
 y - a scroll of summoning {unknown}
 z - 5 scrolls of enchant armour
 B - 4 scrolls of enchant weapon
 J - 2 scrolls of identify
Potions
 g - 14 potions of curing
 o - 4 potions of flight
 t - a potion of invisibility
 u - a potion of berserk rage
 v - 2 potions of haste
 w - 4 potions of brilliance
 F - a potion of resistance
 H - a potion of experience {unknown}
 Q - 2 potions of might
 S - 2 potions of stabbing
 Y - a potion of magic
Comestibles
 c - 37 rations


   Skills:
 - Level 18.2 Fighting
 + Level 14.1 Dodging
 - Level 0.1 Stealth
 + Level 13.2 Unarmed Combat
 - Level 3.0 Spellcasting
 - Level 10.0 Transmutations
 - Level 7.0 Ice Magic
 - Level 16.0 Invocations


You had 8 spell levels left.
You knew the following spells:

 Your Spells              Type           Power        Failure   Level  Hunger
a - Beastly Appendage     Tmut           ####..       11%         1    #......
b - Sticks to Snakes      Tmut           ####....     12%         2    ##.....
c - Spider Form           Tmut/Pois      ###.......   43%         3    ###....
d - Blade Hands           Tmut           ####......   45%         5    ######.
e - Frozen Ramparts       Ice            ###...       28%         3    ###....

Your spell library contained the following spells:

 Spells                   Type           Power        Failure   Level  Hunger
 Freeze                   Ice            ###.         17%         1    #......
 Sting                    Tmut/Pois      ###.         24%         1    #......
 Ice Form                 Ice/Tmut       ####....     36%         4    #####..
 Ensorcelled Hibernation  Hex/Ice        ##....       41%         2    ##.....
 Ozocubu's Armour         Chrm/Ice       ##......     56%         3    ###....
 Ignite Poison            Fire/Tmut/Pois ##......     58%         3    ###....
 Animate Skeleton         Necr           N/A          65%         1    #......
 Apportation              Tloc           #.....       65%         1    #......
 Corona                   Hex            #......      65%         1    #......
 Summon Butterflies       Summ           #.......     65%         1    #......
 Summon Small Mammal      Summ           #...         65%         1    #......
 Petrify                  Tmut/Erth      ###.....     69%         4    #####..
 Sublimation of Blood     Necr           #.........   75%         2    ##.....
 Swiftness                Chrm/Air       #.......     75%         2    ##.....
 Hailstorm                Conj/Ice       ##......     85%         4    #####..
 Summon Ice Beast         Ice/Summ       ##......     85%         4    #####..
 Confusing Touch          Hex            #.......     89%         3    ###....
 Dazzling Flash           Conj/Hex       #.....       89%         3    ###....
 Lesser Beckoning         Tloc           #.........   89%         3    ###....
 Tukima's Dance           Hex            #.......     89%         3    ###....
 Alistair's Intoxication  Tmut/Pois      ###.....     91%         5    ######.
 Irradiate                Conj/Tmut      ###.......   91%         5    ######.
 Bolt of Magma            Conj/Fire/Erth #.........   100%        5    ######.
 Excruciating Wounds      Chrm/Necr      #.........   100%        5    ######.
 Iskenderun's Battlesphe  Conj/Chrm      #.......     100%        5    ######.
 Eringya's Noxious Bog    Tmut/Pois      ###.......   100%        6    #######
 Invisibility             Hex            #.......     100%        6    #######
 Iron Shot                Conj/Erth      #.........   100%        6    #######
 Orb of Destruction       Conj           #.........   100%        7    #######
 Spellforged Servitor     Conj/Summ      #.........   100%        7    #######


Dungeon Overview and Level Annotations

Branches:
Dungeon (15/15)            Temple (1/1) D:5            Lair (6/6) D:8
 Shoals (0/4) Lair:2       Spider (3/4) Lair:4        Slime (0/5) Lair:5
    Orc (2/2) D:9             Elf (3/3) Orc:2        Vaults (0/5) D:14
 Depths (0/5) D:15

Altars:
Ashenzari
Cheibriados
Dithmenos
Elyvilon
Fedhas
Gozag
Hepliaklqana
Kikubaaqudgha
Makhleb
Nemelex Xobeh
Okawaru
Qazlal
Ru
Sif Muna
Trog
Uskayaw
Vehumet
Wu Jian
Xom
Yredelemnul
Zin
The Shining One
Beogh

Shops:
D:8 =((([   D:13 [   D:15 [   Orc:1 ?   Orc:2 (}!?(   Elf:2 (   Elf:3 ?[

Annotations:
Lair:6 1 runed translucent door, MrPhil's ghost, journeyman HOGl
Spider:3 Arachne
Orc:1 1 runed translucent door, exclusion: 4 orange crystal statues
Elf:2 3 runed translucent doors


Innate Abilities, Weirdness & Mutations

You can breathe bolts of dispelling energy.
Your rich purple scales are hard. (AC +9)
You cannot fit into any form of body armour.
You are cold-blooded and may be slowed by cold attacks.


Message History

The tarantella misses you. Arachne casts a spell at you.
The bolt of poison misses you.
The jumping spider completely misses you. x2
The Executioner completely misses you. x2
The Executioner hits you but does no damage.
Okay, then.
As you read the scroll of fear, it crumbles to dust.
You assume a fearsome visage.
Your blizzard demon is unaffected.
The jumping spider looks frightened!
The Executioner is unaffected.
Arachne easily resists.
The tarantella looks frightened! x2
The jumping spider looks frightened!
The Executioner completely misses you. The Executioner hits you.
* * * LOW HITPOINT WARNING * * *
The Executioner hits you but does no damage.
Your blizzard demon misses Arachne.
Your blizzard demon hits Arachne.
The jumping spider leaps! x2; Arachne completely misses you.
The Executioner hits you!!
You die...

### ##.# .## #..####
..###. #####....^## .....
##.#...#....##.s.# ##.
#.....###..##....##.^.
######...###.††#.†..#.....
#^......## #†.^#%..#..^...
^....†...# ##††1H○#..^....
#...###.## ##.2@s#.^...^.
....# ### #####s°.^.^.s
...## #........ #^##
#.^..s..... ###
#.#........ ###.....^.^
##.^.^^.. ....^^. #^.....


You could see Arachne (strong), an Executioner (summoned), a demonic crawler, a
jumping spider (fleeing), 2 tarantellas and a friendly blizzard demon
(summoned).

Vanquished Creatures
  A deep elf blademaster (Elf:2)
  2 deep elf master archers (Elf:3)
  Asterion (Elf:3)
  Frances (Spider:1)
  A sphinx (Elf:3)
  4 deep elf sorcerers
  A frost giant (D:15)
  4 deep elf elementalists
  A ghost moth (Spider:3)
  2 entropy weavers
  4 deep elf demonologists (Elf:3)
  4 deep elf annihilators (Elf:3)
  5 fire dragons (Elf:3)
  10 deep elf death magi (Elf:3)
  An ettin (D:14)
  3 ogre magi (Orc:2)
  3 deep elf high priests (Elf:3)
  Erolcha (Orc:2)
  A rakshasa (D:15)
  16 hydras
  A two-headed ogre (D:9)
  2 catoblepae (Lair:6)
  3 centaur warriors (D:15)
  Erica (Orc:1)
  10 dancing weapons
  2 orc high priests (Orc:1)
  9 deep elf knights
  Nergalle (Orc:2)
  An iron troll (D:14)
  A glowing orange brain (D:15)
  3 unseen horrors
  2 harpies (Elf:3)
  13 deep elf archers
  5 orc sorcerers (Orc:2)
  An orc knight (Orc:2)
  12 orb spiders
  32 deep elf magi
  11 ugly things
  3 moths of wrath
  25 wolf spiders
  7 cyclopes
  4 elephants (Lair:6)
  11 manticores
  4 black mambas
  A gargoyle (D:11)
  2 torpor snails (Spider:1)
  A spiny frog (shapeshifter) (D:15)
  9 spiny frogs
  Maggie (Lair:2)
  12 demonic crawlers
  An efreet (D:15)
  6 komodo dragons
  2 queen bees (shapeshifter)
  7 trolls
  2 tengu conjurers (D:15)
  21 jumping spiders
  A polar bear (Lair:6)
  A wind drake (shapeshifter) (D:15)
  8 hornets
  4 slime creatures
  27 blink frogs
  10 hippogriffs
  A meliai zombie (D:14)
  A snapping turtle (Lair:2)
  27 yaks
  30 redbacks
  A shadow (D:15)
  A water elemental (Elf:3)
  18 tarantellas
  2 wraiths (D:15)
  A vampire (D:14)
  3 basilisks
  2 wyverns
  A fire elemental (Elf:2)
  6 hungry ghosts
  2 steam dragons
  9 wargs
  4 hell hounds (Elf:3)
  2 soldier ants
  8 porcupines
  16 water moccasins
  25 orc warriors
  2 black bears
  3 ice beasts
  5 sky beasts
  An eye of draining (D:12)
  2 phantoms
  10 ogres
  18 centaurs
  6 wolves (Lair:1)
  12 crocodiles
  4 big kobolds
  Blork the orc (D:5)
  12 bullfrogs
  2 earth elementals
  A scorpion (D:7)
  6 killer bees (D:7)
  14 wights
  3 howler monkeys
  An electric eel (Lair:2)
  2 quasits
  7 crimson imps
  2 bullfrog zombies (D:13)
  3 hounds
  3 centaur zombies
  37 orc priests
  4 jellies
  4 centaur skeletons
  44 orc wizards
  3 gnoll shamans
  5 hell rats (Lair:6)
  5 iguanas
  11 worker ants
  A killer bee zombie (D:7)
  2 hound skeletons
  A worker ant zombie (D:7)
  Robin (D:2)
  10 gnolls
  20 adders
  6 river rats (Lair:6)
  A shadow imp (D:7)
  2 oozes
  2 adder zombies
  An adder skeleton (D:8)
  2 dart slugs
  6 leopard geckos
  108 orcs
  3 giant cockroaches
  12 goblins
  9 hobgoblins
  13 jackals
  24 kobolds
  4 quokkas
  7 bats
  4 frilled lizards
  2 giant cockroach zombies (D:5)
  A jackal skeleton (D:4)
  A quokka skeleton (D:4)
  7 rats
  3 crawling corpses (Elf:3)
  2 plants (Lair:6)
994 creatures vanquished.

Vanquished Creatures (collateral kills)
  A deep elf blademaster (Elf:3)
  2 deep elf demonologists (Elf:3)
  A deep elf death mage (Elf:3)
  A hydra (D:14)
  A deep elf knight (Elf:1)
  A deep elf archer (Elf:1)
  8 deep elf magi
  An orc sorcerer (Orc:2)
  Menkaure (D:5)
  An orc wizard (Orc:2)
  An orc (Orc:2)
  A kobold (D:3)
  3 crawling corpses (Elf:3)
23 creatures vanquished.

Vanquished Creatures (others)
  A deep elf mage (Elf:3)
  6 fungi (Lair:6)
  5 plants
12 creatures vanquished.

Grand Total: 1029 creatures vanquished

Notes
Turn   | Place    | Note
-------+----------+-------------------------------------------
     0 | D:1      | DogServant the Draconian Transmuter began the quest for the
                  | Orb.
     0 | D:1      | Reached XP level 1. HP: 16/16 MP: 3/3
   116 | D:1      | Reached XP level 2. HP: 3/23 MP: 3/5
  1237 | D:2      | Reached XP level 3. HP: 28/28 MP: 4/6
  1280 | D:2      | Noticed Robin
  1583 | D:1      | Learned a level 2 spell: Sticks to Snakes
  1587 | D:1      | Learned a level 3 spell: Spider Form
  1593 | D:2      | Killed Robin
  1783 | D:2      | Reached XP level 4. HP: 35/35 MP: 7/7
  2086 | D:2      | Reached skill level 2 in Fighting
  2855 | D:3      | Reached XP level 5. HP: 38/41 MP: 8/8
  3662 | D:4      | Noticed an ogre
  3750 | D:4      | Reached XP level 6. HP: 36/48 MP: 7/9
  3803 | D:4      | Reached skill level 5 in Unarmed Combat
  3803 | D:4      | Reached skill level 5 in Transmutations
  4450 | D:4      | Your scales start taking on a rich purple colour.
  4450 | D:4      | Reached XP level 7. HP: 55/55 MP: 9/11
  4729 | D:5      | Entered Level 5 of the Dungeon
  4809 | D:5      | Found a staircase to the Ecumenical Temple.
  4831 | Temple   | Entered the Ecumenical Temple
  4995 | Temple   | Became a worshipper of Makhleb the Destroyer
  5314 | D:5      | Noticed Menkaure
  5330 | D:5      | Killed Menkaure
  5626 | D:5      | Learned a level 5 spell: Blade Hands
  5966 | D:5      | Noticed Blork the orc
  5982 | D:5      | Killed Blork the orc
  6214 | D:6      | Reached XP level 8. HP: 62/62 MP: 10/12
  6324 | D:6      | Reached skill level 3 in Fighting
  6690 | D:6      | Reached * piety under Makhleb
  6786 | D:6      | Reached skill level 4 in Fighting
  7938 | D:7      | Reached XP level 9. HP: 61/73 MP: 7/13
  7941 | D:7      | Reached skill level 5 in Fighting
  8229 | D:7      | Reached ** piety under Makhleb
  8835 | D:8      | Reached skill level 5 in Dodging
  8840 | D:8      | Reached skill level 6 in Fighting
  9180 | D:8      | Identified the +10 dagger of the Beginning {protect, Int+3
                  | SInv}
  9200 | D:8      | Reached skill level 7 in Fighting
  9208 | D:8      | Reached *** piety under Makhleb
  9279 | D:8      | Found a staircase to the Lair.
  9298 | D:8      | Found Seidog's Weapon Shoppe.
  9337 | D:8      | Reached XP level 10. HP: 86/86 MP: 8/14
  9627 | D:8      | Found Ozihir's Antique Weapon Shop.
  9686 | D:8      | Found Oczis's Jewellery Boutique.
  9903 | D:8      | Found Qeodd's Antique Weapon Shop.
 10181 | D:8      | Noticed a +0 dagger
 10181 | D:8      | Noticed a +0 hand axe
 10188 | D:8      | Found a hide-covered altar of Uskayaw.
 10212 | D:8      | Found Mishro's Armour Shoppe.
 10377 | D:9      | Noticed a two-headed ogre
 10405 | D:9      | Killed a two-headed ogre
 11032 | D:9      | Reached **** piety under Makhleb
 11179 | D:9      | Reached skill level 10 in Transmutations
 11263 | D:9      | Found a staircase to the Orcish Mines.
 11570 | D:9      | Paralysed by a hornet for 2 turns
 11572 | D:9      | HP: 2/86 [hornet (14)]
 11957 | D:8      | Bought a +4 ring of evasion for 504 gold pieces
 11987 | D:10     | Entered Level 10 of the Dungeon
 12176 | D:10     | You fall into a shaft and drop 3 floors!
 12302 | D:13     | Reached XP level 11. HP: 92/92 MP: 9/15
 13987 | D:11     | Found a burning altar of Makhleb.
 14107 | D:11     | Reached skill level 10 in Unarmed Combat
 14165 | D:11     | Reached skill level 8 in Fighting
 14783 | D:11     | Reached ***** piety under Makhleb
 14792 | D:11     | Reached skill level 9 in Fighting
 15181 | D:12     | Noticed a green ugly thing
 15379 | D:12     | Noticed an eight-headed hydra
 15422 | Lair:1   | Entered Level 1 of the Lair of Beasts
 15651 | Lair:1   | Reached skill level 10 in Fighting
 15780 | Lair:1   | Noticed a six-headed hydra
 15789 | Lair:1   | Killed a nine-headed hydra
 16570 | Lair:1   | Reached skill level 10 in Dodging
 16843 | Lair:2   | Noticed Maggie
 16851 | Lair:2   | Killed Maggie
 16851 | Lair:2   | Reached XP level 12. HP: 106/106 MP: 10/16
 17071 | Lair:2   | Noticed a seven-headed hydra
 17079 | Lair:2   | Killed an eight-headed hydra
 17079 | Lair:2   | Reached skill level 1 in Invocations
 17475 | Lair:2   | Noticed a six-headed hydra
 17873 | Lair:3   | Reached skill level 5 in Invocations
 18909 | Lair:4   | Found a shimmering blue altar of Sif Muna.
 19149 | Lair:4   | Found a hole to the Spider Nest.
 19709 | Lair:5   | Reached ****** piety under Makhleb
 19859 | Lair:5   | Found a staircase to the Slime Pits.
 20351 | Lair:5   | Reached XP level 13. HP: 113/113 MP: 18/18
 20702 | Lair:6   | Entered Level 6 of the Lair of Beasts
 21254 | Lair:6   | Found a runed translucent door.
 21300 | Lair:6   | Noticed MrPhil's ghost (journeyman HOGl)
 22616 | Lair:2   | Reached skill level 11 in Fighting
 22960 | Lair:2   | Found a staircase to the Shoals.
 23817 | D:13     | Found Liofaeri's Antique Armour Shop.
 23820 | D:13     | Identified a scroll of acquirement
 23820 | D:13     | Acquired the ring "Paxkinoc" {rC- Str+6 Dex+10}
 24305 | D:13     | Reached XP level 14. HP: 124/124 MP: 16/21
 24668 | D:14     | Reached skill level 10 in Invocations
 24899 | D:14     | Reached skill level 12 in Fighting
 25864 | D:14     | Found a gate to the Vaults.
 26036 | D:15     | Entered Level 15 of the Dungeon
 26165 | D:15     | Reached skill level 13 in Fighting
 26333 | D:15     | Found a staircase to the Depths.
 26800 | D:15     | Noticed a frost giant
 27218 | D:15     | Killed a frost giant
 27218 | D:15     | Reached skill level 14 in Fighting
 27338 | D:15     | Found Esopacot's Antique Armour Shop.
 27603 | Spider:1 | Entered Level 1 of the Spider Nest
 28080 | Orc:1    | Entered Level 1 of the Orcish Mines
 28085 | Orc:1    | Found a runed translucent door.
 28087 | Orc:1    | Reached skill level 15 in Fighting
 28290 | Orc:1    | Noticed Erica
 28294 | Orc:1    | Killed Erica
 28356 | Orc:1    | Found Woho's Magic Scroll Boutique.
 28475 | Orc:1    | Found the +10 tower shield of Ignorance {rN+ Int-4}
 28513 | Orc:1    | Found a runed translucent door.
 28830 | Orc:2    | Entered Level 2 of the Orcish Mines
 28844 | Orc:2    | Reached XP level 15. HP: 124/141 MP: 18/23
 28967 | Orc:2    | Found a roughly hewn altar of Beogh.
 28972 | Orc:2    | Found a staircase to the Elven Halls.
 29327 | Orc:2    | Found Olox's Weapon Boutique.
 29448 | Orc:2    | Found Naaluje's Gadget Emporium.
 29522 | Orc:2    | Found an ancient bone altar of Kikubaaqudgha.
 29523 | Orc:2    | Noticed Nergalle
 29535 | Orc:2    | Killed Nergalle
 29545 | Orc:2    | Found Neidut's Distillery.
 29560 | Orc:2    | Noticed Erolcha
 29573 | Orc:2    | Killed Erolcha
 29574 | Orc:2    | Found a radiant altar of Vehumet.
 29649 | Orc:2    | Found a roughly hewn altar of Beogh.
 29691 | Orc:2    | Found Uluubb's Antique Weapon Shoppe.
 29696 | Orc:2    | Found Pecytyer's Magic Scroll Emporium.
 30039 | Orc:2    | Bought a scroll of enchant armour for 112 gold pieces
 30043 | Orc:2    | Learned a level 3 spell: Frozen Ramparts
 30237 | Elf:1    | Entered Level 1 of the Elven Halls
 30260 | Elf:1    | Reached skill level 1 in Ice Magic
 30766 | Elf:1    | Noticed a deep elf sorcerer
 30768 | Elf:1    | Reached skill level 5 in Ice Magic
 30774 | Elf:1    | Killed a deep elf sorcerer
 31857 | Elf:2    | Found a runed translucent gate.
 31857 | Elf:2    | Found a runed translucent gate.
 31857 | Elf:2    | Found a runed translucent gate.
 32173 | Elf:2    | Found Kotio's Weapon Emporium.
 32288 | Elf:3    | Entered Level 3 of the Elven Halls
 32519 | Elf:3    | Found Zulotacw's Antique Armour Emporium.
 32550 | Elf:3    | Bought a glowing scarf for 200 gold pieces
 32580 | Elf:3    | Found Gunekkue's Magic Scroll Shoppe.
 32644 | Elf:3    | Reached XP level 16. HP: 131/151 MP: 20/25
 32757 | Elf:3    | Reached skill level 16 in Fighting
 32937 | Elf:3    | Noticed a deep elf master archer
 32946 | Elf:3    | Killed a deep elf master archer
 32949 | Elf:3    | Identified the +1 halberd of Keenwit {distort, *Noise rElec
                  | rPois Stlth+}
 32949 | Elf:3    | Identified the ring "Wuge" {rF+ rN+ Str+2 SInv}
 33105 | Elf:3    | Noticed a deep elf blademaster
 33170 | Elf:3    | Identified the cursed +1 trident of Pestilence {holy, rC-
                  | rN+ Dex+4}
 33239 | Elf:3    | Noticed a deep elf blademaster
 33437 | Elf:2    | Killed a deep elf blademaster
 33864 | Elf:3    | Identified the +3 halberd "Suevia" {vorpal, Str+3}
 33893 | Elf:3    | Noticed Asterion
 33960 | Elf:3    | Reached skill level 17 in Fighting
 33972 | Elf:3    | Noticed a deep elf master archer
 33972 | Elf:3    | Identified the amulet "Riviox" {Spirit rPois}
 33983 | Elf:3    | Killed a deep elf master archer
 34020 | Elf:3    | Killed Asterion
 34131 | Elf:3    | Identified the amulet of Litey {Spirit *Corrode rN+++ SInv
                  | Stlth+}
 34191 | Elf:3    | Killed a deep elf blademaster
 34351 | Elf:3    | Reached skill level 15 in Invocations
 34433 | Elf:3    | Identified Raotsaga's Tome of Toxins and Good Luck
 34570 | Elf:3    | Found the +0 mask of the Dragon {MR+ Slay+3 SInv}
 34662 | Elf:3    | Noticed a sphinx
 35017 | Elf:3    | Reached XP level 17. HP: 148/163 MP: 24/28
 35098 | Elf:3    | Reached skill level 18 in Fighting
 35825 | Spider:1 | Noticed Frances
 35831 | Spider:1 | Killed Frances
 36325 | Spider:2 | Paralysed by a hornet for 3 turns
 38845 | Spider:3 | Noticed Arachne
 38867 | Spider:3 | HP: 5/165 [Executioner[the player character] (6)]
 38867 | Spider:3 | Mangled by an Executioner

Illustrated notes

Levels and vault maps discovered:
D:1:      minmay_arrival_radiant_lines, layout_basic
D:2:      layout_basic, first_ration, dk_noncrumbling_3, uniq_robin
D:3:      layout_basic
D:4:      layout_cave_pools
D:5:      layout_basic, minmay_temple_entry_slanted, uniq_menkaure,
          uniq_blork_the_orc
D:6:      layout_rooms
D:7:      layout_loops_corners
D:8:      layout_basic, dancing_weapons_uskayaw, erik_lair_orcish_takeover,
          serial_shops, shop_statue, shop, shop, shop, shop
D:9:      layout_basic, minmay_orc_entry_guard_dogs, serial_curves,
          eino_curves_04, eino_curves_01, hangedman_pestilent_swarm
D:10:     layout_basic
D:11:     layout_long_grid, bloody_makhleb
D:12:     layout_loops_cross, minmay_misc_feat_iff
D:13:     layout_long_grid, serial_shops, nicolae_shop_window_shopping
D:14:     layout_stronghold, david_vaults_4, chequers_arboretum
D:15:     gammafunk_enter_depths_forms, layout_basic, serial_shops, shop,
          hangedman_corner_corridor
Temple:   kilobyte_greek_temple
Lair:1:   layout_concentric_octagons, wad_woods_road_03,
          infiniplex_staircase_pool_2
Lair:2:   layout_long_grid, minmay_shoals_entry_hut, beast_lair_carwin_11,
          uniq_maggie
Lair:3:   layout_gridlike, grunt_megastairs_4, serial_bayou_shore_b
Lair:4:   layout_hall_layers, spider_nest_entry_a, lemuel_centaur_altar
Lair:5:   layout_regular_city, minmay_slime_entry_pillars,
          cheibrodos_lair_reptile_den, grunt_megastairs_1
Lair:6:   due_jungle_book, layout_loops_ring, ebering_ghost_reflecting_pool,
          kennysheep_abandoned_house
Spider:1: layout_spider_delve, uniq_frances
Spider:2: layout_chambers
Spider:3: layout_spider_delve, nicolae_arachne_temple
Orc:1:    layout_diamond_mine, serial_shops, shop,
          chequers_guarded_unrand_ignorance, uniq_erica
Orc:2:    kennysheep_orc_mage_school, layout_diamond_mine, basic_altar,
          serial_shops, nicolae_shop_crystal, uniq_erolcha
Elf:1:    elf_arrival_001, layout_gridlike, minmay_elf_crystal_hexagon,
          minivault_4
Elf:2:    layout_geoelf_octagon, serial_shops, shop, uniq_nikola
Elf:3:    grunt_elf_hall_spiral, layout_geoelf_diagonals, special_room
          [special_room_mythical_zoo], serial_shops, shop, shop, uniq_asterion

Skill      XL: |  1  2  3  4  5  6  7  8  9 10 11 12 13 14 15 16 17 |
---------------+----------------------------------------------------+-----
Dodging        | 2 4 6 8 10 12 13 14 | 14.1
Unarmed Combat | 4 5 6 7 9 10 11 12 13 | 13.2
Transmutations | 3 4 6 7 8 9 10 | 10.0
Fighting       | 2 4 7 10 11 15 17 18 | 18.2
Spellcasting   | 3 |  3.0
Invocations    | 7 9 11 12 15 16 | 16.0
Ice Magic      | 7 |  7.0
Stealth        | |  0.1

Action                   |  1- 3 |  4- 6 |  7- 9 | 10-12 | 13-15 | 16-18 || total
-------------------------+-------+-------+-------+-------+-------+-------++-------
Melee: Unarmed           |   104 |   214 |   326 |   639 |   943 |   492 ||  2718
       Tailslap          |    10 |    22 |    24 |    70 |   159 |   123 ||   408
       Kick              |     8 |    17 |     8 |     3 |       |       ||    36
       Headbutt          |     4 |    17 |    14 |     3 |       |       ||    38
       Punch             |       |     4 |     5 |    16 |    62 |    44 ||   131
Throw: Dart              |       |     4 |    10 |    12 |       |     3 ||    29
 Cast: Beastly Appendage |    16 |    27 |    14 |     4 |       |       ||    61
       Sticks to Snakes  |       |     1 |     1 |       |       |       ||     2
       Spider Form       |       |       |     5 |       |       |       ||     5
       Blade Hands       |       |       |    19 |    84 |   122 |    72 ||   297
       Frozen Ramparts   |       |       |       |       |       |     4 ||     4
Invok: Major Destruction |       |       |       |       |     9 |    35 ||    44
       Greater Servant o |       |       |       |       |     8 |    11 ||    19
 Abil: Breathe Dispellin |       |       |    10 |     6 |     8 |     9 ||    33
Evoke: Wand              |       |       |       |    10 |    29 |     6 ||    45
  Use: Scroll            |       |       |     6 |    13 |    12 |     8 ||    39
       Potion            |       |       |     1 |     3 |       |     2 ||     6
 Stab: Sleeping          |       |     1 |       |       |     2 |       ||     3
       Petrified         |       |       |       |       |     4 |       ||     4
       Distracted        |       |       |       |       |     1 |     3 ||     4
       Confused          |       |       |       |       |       |     1 ||     1
  Eat: Chunk             |     3 |    10 |    16 |    54 |    64 |    20 ||   167
       Ration            |       |       |     3 |     5 |     7 |     9 ||    24
Armor: Skin              |    29 |    79 |    56 |    99 |   198 |   143 ||   604
Dodge: Dodged            |    55 |   130 |   234 |   545 |  1133 |   758 ||  2855
